TOP OF THE 1ST |
West Virginia Power batting - Pitching for Wichita Wranglers : LHP Ron Sosa
|
Pitching: LHP Ron Sosa
|
|
Batting: RHB Matt Tucker
|
0-0: Swinging Strike 0-1: Ball 1-1: Swinging Strike 1-2: Ball 2-2: Strikes out looking
|
Batting: LHB Ángel Figueiedo
|
0-0: Ball 1-0: Ball 2-0: Called Strike 2-1: Ball 3-1: Base on Balls
|
Batting: RHB Joe Salas
|
0-0: Ball 1-0: Ball 2-0: Swinging Strike 2-1: Ball 3-1: Swinging Strike 3-2: Fly out, F9 (Flyball, 9)
|
Batting: RHB Will Stafford
|
0-0: Ball 1-0: Foul Ball, location: 2F 1-1: Swinging Strike 1-2: Strikes out swinging
|
Top of the 1st over - 0 runs, 0 hits, 0 errors, 1 left on base; West Virginia 0 - Wichita 0 |
BOTTOM OF THE 1ST |
Wichita Wranglers batting - Pitching for West Virginia Power : RHP Carlos Moreno
|
Pitching: RHP Carlos Moreno
|
|
Batting: LHB Terry Neal
|
0-0: Ball 1-0: Ball 2-0: Foul Ball, location: 2F 2-1: Foul Ball, location: 2F 2-2: Foul Ball, location: 2F 2-2: DOUBLE (Line Drive, 89D)
|
Batting: RHB Henry Edwards
|
0-0: SINGLE (Line Drive, 89M) Terry Neal to third
|
Batting: RHB Stan Taylor
|
0-0: Ball Henry Edwards steals 2nd base 1-0: Called Strike 1-1: Ball 2-1: Foul Ball, location: 2F 2-2: Foul Ball, location: 2F 2-2: Strikes out swinging
|
Batting: LHB Chris Gibson
|
0-0: Called Strike 0-1: Ball 1-1: Swinging Strike 1-2: Ball 2-2: Ball 3-2: Base on Balls
|
Batting: LHB José Guerrero
|
0-0: Ball 1-0: Swinging Strike 1-1: Fly out, F1 (Line Drive, 13)
|
Batting: RHB Hubert MacDonald
|
0-0: Called Strike 0-1: Ball 1-1: SINGLE (Line Drive, 34) Terry Neal scores Henry Edwards to third Chris Gibson to second Runner from 3rd tries for Home, SAFE, no throw
|
Batting: LHB Travis Jefferson
|
0-0: Ball Balk! Chris Gibson to third Hubert MacDonald to second 1-0: Foul Ball, location: 2F 1-1: Foul Ball, location: 2F 1-2: Strikes out swinging
|
Bottom of the 1st over - 2 runs, 3 hits, 0 errors, 2 left on base; West Virginia 0 - Wichita 2 |
TOP OF THE 2ND |
West Virginia Power batting - Pitching for Wichita Wranglers : LHP Ron Sosa
|
Batting: RHB Joaquín Vásquez
|
0-0: Ball 1-0: Called Strike 1-1: Fly out, F9 (Flyball, 9LM)
|
Batting: RHB Pedro Echevarría
|
0-0: Ball 1-0: Foul Ball, location: 2F 1-1: Foul Ball, location: 2F 1-2: Ball 2-2: SINGLE (Flyball, 3D)
|
Batting: LHB Wilson Turner
|
0-0: Ball Pedro Echevarría is caught stealing 2nd base 1-0: Hit by Pitch
|
Batting: RHB Roberto Chávez
|
0-0: Called Strike 0-1: Ball 1-1: Ball 2-1: Fielders Choice at 2nd, U4 (Groundball, 4M)
|
Top of the 2nd over - 0 runs, 1 hit, 0 errors, 1 left on base; West Virginia 0 - Wichita 2 |
BOTTOM OF THE 2ND |
Wichita Wranglers batting - Pitching for West Virginia Power : RHP Carlos Moreno
|
Batting: RHB Travis Ezell
|
0-0: Ball 1-0: Swinging Strike 1-1: SINGLE (Groundball, 34D)
|
Batting: RHB Mauro Paredes
|
0-0: Ball 1-0: Ball 2-0: Ball 3-0: Called Strike 3-1: Called Strike 3-2: Base on Balls Travis Ezell to second
|
Batting: LHB Terry Neal
|
0-0: Ball 1-0: Ball 2-0: Ball 3-0: Base on Balls Travis Ezell to third Mauro Paredes to second
|
Batting: RHB Henry Edwards
|
0-0: Ball 1-0: Swinging Strike 1-1: Fly out, F7 (Flyball, 7LD) Runner from 3rd tags up, SCORES, throw made
|
Batting: RHB Stan Taylor
|
0-0: Called Strike 0-1: Called Strike 0-2: SINGLE (Flyball, 7S) Mauro Paredes to third Terry Neal to second Runner from 3rd tries for Home, SAFE, no throw
|
Batting: LHB Chris Gibson
|
0-0: Called Strike 0-1: Ball 1-1: Fly out, F3 (Line Drive, 34) Lined into DP, U3 (Line Drive, 34)
|
Bottom of the 2nd over - 2 runs, 2 hits, 0 errors, 1 left on base; West Virginia 0 - Wichita 4 |
TOP OF THE 3RD |
West Virginia Power batting - Pitching for Wichita Wranglers : LHP Ron Sosa
|
Batting: RHB Nick Mackin
|
0-0: Ball 1-0: Ground out U3 (Groundball, 34)
|
Batting: RHB Matt Tucker
|
0-0: Ball 1-0: Called Strike 1-1: Ball 2-1: Swinging Strike 2-2: Ball 3-2: Strikes out swinging, 2-3 out at first.
|
Batting: LHB Ángel Figueiedo
|
0-0: Called Strike 0-1: Ball 1-1: Ball 2-1: Called Strike 2-2: Fly out, F2 (Popup, 2LF)
|
Top of the 3rd over - 0 runs, 0 hits, 0 errors, 0 left on base; West Virginia 0 - Wichita 4 |
BOTTOM OF THE 3RD |
Wichita Wranglers batting - Pitching for West Virginia Power : RHP Carlos Moreno
|
Batting: LHB José Guerrero
|
0-0: Ball 1-0: Called Strike 1-1: Ball 2-1: Ground out 1-3 (Groundball, 13)
|
Batting: RHB Hubert MacDonald
|
0-0: DOUBLE (Line Drive, 8LD)
|
Batting: LHB Travis Jefferson
|
0-0: Ball 1-0: Called Strike 1-1: Ball 2-1: Ball 3-1: Called Strike 3-2: Foul Ball, location: 2F 3-2: Foul Ball, location: 2F 3-2: Foul Ball, location: 2F 3-2: Strikes out swinging, 2-3 out at first.
|
Batting: RHB Travis Ezell
|
0-0: 2-RUN HOME RUN (Flyball, 78XD), Distance : 392 ft
|
Batting: RHB Mauro Paredes
|
0-0: Foul Ball, location: 2F 0-1: Ball 1-1: DOUBLE (Line Drive, 7LM)
|
Batting: LHB Terry Neal
|
0-0: Single, Error in OF, E9, batter to second base Mauro Paredes scores
|
Batting: RHB Henry Edwards
|
0-0: Foul Ball, location: 2F 0-1: Ball 1-1: Ball 2-1: Ball 3-1: SINGLE (Line Drive, 6MD) Terry Neal to third Runner from 3rd tries for Home, throw and OUT!
|
Bottom of the 3rd over - 3 runs, 5 hits, 1 error, 1 left on base; West Virginia 0 - Wichita 7 |
TOP OF THE 4TH |
West Virginia Power batting - Pitching for Wichita Wranglers : LHP Ron Sosa
|
Batting: RHB Joe Salas
|
0-0: Called Strike 0-1: Ball 1-1: SOLO HOME RUN (Line Drive, 7LD), Distance : 355 ft
|
Batting: RHB Will Stafford
|
0-0: Ball 1-0: Ball 2-0: Ball 3-0: Called Strike 3-1: Swinging Strike 3-2: Strikes out swinging
|
Batting: RHB Joaquín Vásquez
|
0-0: Ball 1-0: Called Strike 1-1: Called Strike 1-2: Ball 2-2: Foul Ball, location: 2F 2-2: Ball 3-2: Strikes out looking
|
Batting: RHB Pedro Echevarría
|
0-0: Ball 1-0: Foul Ball, location: 2F 1-1: Ground out 3-1 (Groundball, 34)
|
Top of the 4th over - 1 run, 1 hit, 0 errors, 0 left on base; West Virginia 1 - Wichita 7 |
BOTTOM OF THE 4TH |
Wichita Wranglers batting - Pitching for West Virginia Power : RHP Carlos Moreno
|
Batting: RHB Stan Taylor
|
0-0: Foul Ball, location: 2F 0-1: Swinging Strike 0-2: Foul Ball, location: 2F 0-2: Ball 1-2: Strikes out looking
|
Batting: LHB Chris Gibson
|
0-0: Ball 1-0: Ball 2-0: Ball 3-0: Called Strike 3-1: Fly out, F8 (Flyball, 8LM)
|
Batting: LHB José Guerrero
|
0-0: Called Strike 0-1: SINGLE (Line Drive, 6MD)
|
Pitching: RHP Mark Osborne
|
|
Batting: RHB Hubert MacDonald
|
0-0: Called Strike 0-1: Swinging Strike 0-2: Foul Ball, location: 2F 0-2: Foul Ball, location: 2F 0-2: Ball 1-2: Foul Ball, location: 2F 1-2: Strikes out swinging
|
Bottom of the 4th over - 0 runs, 1 hit, 0 errors, 1 left on base; West Virginia 1 - Wichita 7 |
TOP OF THE 5TH |
West Virginia Power batting - Pitching for Wichita Wranglers : LHP Ron Sosa
|
Batting: LHB Wilson Turner
|
0-0: Foul Ball, location: 2F 0-1: Swinging Strike 0-2: Ball 1-2: Fly out, F7 (Flyball, 7LS)
|
Batting: RHB Roberto Chávez
|
0-0: Ball 1-0: Foul Ball, location: 2F 1-1: Ball 2-1: Fly out, F9 (Flyball, 9S)
|
Batting: RHB Nick Mackin
|
0-0: Called Strike 0-1: Called Strike 0-2: Strikes out swinging
|
Top of the 5th over - 0 runs, 0 hits, 0 errors, 0 left on base; West Virginia 1 - Wichita 7 |
BOTTOM OF THE 5TH |
Wichita Wranglers batting - Pitching for West Virginia Power : RHP Mark Osborne
|
Batting: LHB Travis Jefferson
|
0-0: DOUBLE (Line Drive, 8LXD)
|
Batting: RHB Travis Ezell
|
0-0: Ball 1-0: Ball 2-0: Hit by Pitch
|
Batting: RHB Mauro Paredes
|
0-0: Called Strike 0-1: Swinging Strike 0-2: Ball 1-2: Strikes out looking
|
Batting: LHB Terry Neal
|
0-0: Called Strike 0-1: Swinging Strike 0-2: Ball 1-2: Ball 2-2: Foul Ball, location: 2F 2-2: Ground out 4-3 (Groundball, 4S) Travis Jefferson to third Travis Ezell to second
|
Batting: RHB Henry Edwards
|
0-0: SINGLE (Groundball, 6MD) Travis Jefferson scores Travis Ezell to third Runner from 3rd tries for Home, throw and OUT!
|
Bottom of the 5th over - 1 run, 2 hits, 0 errors, 1 left on base; West Virginia 1 - Wichita 8 |
TOP OF THE 6TH |
West Virginia Power batting - Pitching for Wichita Wranglers : LHP Ron Sosa
|
Batting: RHB Matt Tucker
|
0-0: Ball 1-0: SINGLE (Groundball, 34D)
|
Batting: LHB Ángel Figueiedo
|
0-0: Called Strike 0-1: Ball 1-1: Swinging Strike 1-2: Ball 2-2: Ground out 4-3 (Groundball, 4M) Matt Tucker to second
|
Batting: RHB Joe Salas
|
0-0: Ball 1-0: Foul Ball, location: 2F 1-1: Fly out, F9 (Flyball, 9LM)
|
Batting: RHB Will Stafford
|
0-0: Ball 1-0: Fly out, F7 (Flyball, 78S)
|
Top of the 6th over - 0 runs, 1 hit, 0 errors, 1 left on base; West Virginia 1 - Wichita 8 |
BOTTOM OF THE 6TH |
Wichita Wranglers batting - Pitching for West Virginia Power : RHP Roberto Marino
|
Pitching: RHP Roberto Marino
|
|
Batting: RHB Stan Taylor
|
0-0: Called Strike 0-1: Foul Ball, location: 2F 0-2: Ball 1-2: Foul Ball, location: 2F 1-2: Fly out, F8 (Flyball, 8RXD)
|
Batting: LHB Chris Gibson
|
0-0: Called Strike 0-1: Foul Ball, location: 2F 0-2: Ball 1-2: Ball 2-2: Strikes out looking
|
Batting: LHB José Guerrero
|
0-0: Ball 1-0: Swinging Strike 1-1: Ball 2-1: Fly out, F7 (Flyball, 7)
|
Bottom of the 6th over - 0 runs, 0 hits, 0 errors, 0 left on base; West Virginia 1 - Wichita 8 |
TOP OF THE 7TH |
West Virginia Power batting - Pitching for Wichita Wranglers : LHP Ron Sosa
|
Batting: RHB Joaquín Vásquez
|
0-0: Ball 1-0: Ball 2-0: Ball 3-0: Base on Balls
|
Batting: RHB Pedro Echevarría
|
0-0: Called Strike 0-1: Called Strike 0-2: Foul Ball, location: 2F 0-2: Ball 1-2: Ball Joaquín Vásquez steals 2nd base 2-2: Foul Ball, location: 2F 2-2: Foul Ball, location: 2F 2-2: Fly out, F8 (Line Drive, 8RD)
|
Batting: LHB Wilson Turner
|
0-0: Called Strike 0-1: Ball Joaquín Vásquez steals 3rd base 1-1: Called Strike 1-2: Ball 2-2: Foul Ball, location: 2F 2-2: Ball 3-2: Foul Ball, location: 2F 3-2: Foul Ball, location: 2F 3-2: Ground out 6-3 (Groundball, 6) Joaquín Vásquez scores
|
Batting: RHB Roberto Chávez
|
0-0: Ball 1-0: Fly out, F4 (Popup, 34S)
|
Top of the 7th over - 1 run, 0 hits, 0 errors, 0 left on base; West Virginia 2 - Wichita 8 |
BOTTOM OF THE 7TH |
Wichita Wranglers batting - Pitching for West Virginia Power : RHP Roberto Marino
|
Batting: RHB Hubert MacDonald
|
0-0: Swinging Strike 0-1: Ball 1-1: Called Strike 1-2: Ball 2-2: Strikes out looking
|
Batting: LHB Travis Jefferson
|
0-0: Ball 1-0: Called Strike 1-1: Ball 2-1: DOUBLE (Flyball, 89D)
|
Batting: RHB Travis Ezell
|
0-0: Ball 1-0: Ball 2-0: Ball 3-0: Called Strike 3-1: Called Strike 3-2: TRIPLE (Flyball, 8LXD) Travis Jefferson scores
|
Batting: RHB Mauro Paredes
|
0-0: Called Strike 0-1: Ball 1-1: Ground out 6-3 (Groundball, 6) Travis Ezell scores
|
Batting: LHB Terry Neal
|
0-0: Ball 1-0: Ball 2-0: Ball 3-0: Base on Balls
|
Batting: RHB Henry Edwards
|
0-0: Fly out, F9 (Flyball, 9LS)
|
Bottom of the 7th over - 2 runs, 2 hits, 0 errors, 1 left on base; West Virginia 2 - Wichita 10 |
TOP OF THE 8TH |
West Virginia Power batting - Pitching for Wichita Wranglers : LHP Ron Sosa
|
Pinch Hitting: RHB Luis Montoya
|
0-0: Called Strike 0-1: Foul Ball, location: 2F 0-2: Ball 1-2: Ball 2-2: Ball 3-2: Fly out, F8 (Flyball, 89D)
|
Batting: RHB Matt Tucker
|
0-0: Foul Ball, location: 2F 0-1: Fly out, F8 (Flyball, 8RM)
|
Batting: LHB Ángel Figueiedo
|
0-0: Ball 1-0: Ball 2-0: Called Strike 2-1: Ball 3-1: Called Strike 3-2: Base on Balls
|
Pitching: RHP Fletcher Turner
|
|
Batting: RHB Joe Salas
|
0-0: Called Strike 0-1: Ball 1-1: Fielders Choice at 2nd, 6-4 (Groundball, 6)
|
Top of the 8th over - 0 runs, 0 hits, 0 errors, 1 left on base; West Virginia 2 - Wichita 10 |
BOTTOM OF THE 8TH |
Wichita Wranglers batting - Pitching for West Virginia Power : RHP Roberto Marino
|
Now at 2B: Luis Montoya
|
|
Batting: RHB Stan Taylor
|
0-0: DOUBLE (Groundball, 5L)
|
Batting: LHB Chris Gibson
|
0-0: Called Strike 0-1: Ball 1-1: Ground out 4-3 (Groundball, 4) Stan Taylor to third
|
Batting: LHB José Guerrero
|
0-0: Foul Ball, location: 2F 0-1: Ball 1-1: Ball 2-1: 2-RUN HOME RUN (Flyball, 9LD), Distance : 350 ft
|
Batting: RHB Hubert MacDonald
|
0-0: SINGLE (Line Drive, 7LS)
|
Batting: LHB Travis Jefferson
|
0-0: Ball 1-0: Ball 2-0: Called Strike 2-1: Ball 3-1: Base on Balls Hubert MacDonald to second
|
Batting: RHB Travis Ezell
|
0-0: Called Strike 0-1: Foul Ball, location: 2F 0-2: Ball 1-2: Strikes out swinging
|
Batting: RHB Mauro Paredes
|
0-0: Called Strike 0-1: Ball 1-1: Ball 2-1: Called Strike 2-2: 3-RUN HOME RUN (Flyball, 78XD), Distance : 384 ft
|
Batting: LHB Terry Neal
|
0-0: Ball 1-0: DOUBLE (Groundball, 5L)
|
Batting: RHB Henry Edwards
|
0-0: Called Strike 0-1: Swinging Strike 0-2: Ball 1-2: Ball 2-2: Strikes out looking
|
Bottom of the 8th over - 5 runs, 5 hits, 0 errors, 1 left on base; West Virginia 2 - Wichita 15 |
TOP OF THE 9TH |
West Virginia Power batting - Pitching for Wichita Wranglers : RHP Fletcher Turner
|
Now in RF: Dan Dunn
|
|
Batting: RHB Will Stafford
|
0-0: Called Strike 0-1: Ball 1-1: Called Strike 1-2: Fly out, F9 (Flyball, 9)
|
Pinch Hitting: RHB Rafael Ortíz
|
0-0: Ball 1-0: Swinging Strike 1-1: Ground out 5-3 (Groundball, 56)
|
Batting: RHB Pedro Echevarría
|
0-0: Called Strike 0-1: Ball 1-1: Foul Ball, location: 2F 1-2: Foul Ball, location: 2F 1-2: Foul Ball, location: 2F 1-2: Ground out 4-3 (Groundball, 4)
|
Top of the 9th over - 0 runs, 0 hits, 0 errors, 0 left on base; West Virginia 2 - Wichita 15 |
|